 Dungeon Crawl Stone Soup version 0.23-a0-705-g0e654d2 (webtiles) character file.

229 HungryMoth the Poker (level 6, -2/48 HPs)
             Began as a Merfolk Skald on Jan 15, 2019.
             Was a Follower of Okawaru.
             Killed by divine providence
             ... invoked by an orc priest
              (13 damage)
             ... on level 3 of the Dungeon.
             The game lasted 00:13:17 (3178 turns).

HungryMoth the Poker (Merfolk Skald)                Turns: 3178, Time: 00:13:18

Health: -2/48      AC:  3    Str: 11    XL:     6   Next: 3%
Magic:  4/9        EV: 12    Int: 12    God:    Okawaru [*.....]
Gold:   217        SH:  0    Dex: 16    Spells: 4/9 levels left

rFire    . . .     SeeInvis .   a - +0 spear
rCold    . . .     Gourm    .   (no shield)
rNeg     . . .     Faith    .   b - +0 leather armour
rPois    .         Spirit   .   (no helmet)
rElec    .         Reflect  .   (no cloak)
rCorr    .         Harm     .   (no gloves)
MR       .....                  (no boots)
Stlth    +.........             (no amulet)
HPRegen  0.16/turn              (no ring)
MPRegen  0.11/turn              (no ring)

@: no status effects
A: change form in water, swift swim, stealthy swim
a: Heroism, Renounce Religion


You were on level 3 of the Dungeon.
You worshipped Okawaru.
Okawaru was aware of your devotion.
You were not hungry.

You visited 1 branch of the dungeon, and saw 4 of its levels.

You collected 217 gold pieces.

Inventory:

Hand Weapons
 a - a +0 spear (weapon)
Armour
 b - a +0 leather armour (worn)
Jewellery
 o - an uncursed ring of protection from cold {unknown}
Scrolls
 c - 2 scrolls of amnesia {unknown}
 e - 2 scrolls of teleportation {unknown}
 g - 4 scrolls of identify {unknown}
 h - a scroll of remove curse {unknown}
 l - a scroll of fog {unknown}
 m - 2 scrolls of enchant armour {unknown}
 n - a scroll of enchant weapon {unknown}
Potions
 f - a potion of curing {unknown}
 i - 3 potions of degeneration {unknown}
 k - a potion of haste {unknown}
Comestibles
 d - 6 rations
 j - 6 chunks of flesh


   Skills:
 - Level 4.1 Fighting
 + Level 7.2 Polearms
 - Level 0.6 Armour
 - Level 2.6 Dodging
 * Level 2.0 Spellcasting
 * Level 3.3 Charms
 - Level 0.1 Translocations


You had 4 spell levels left.
You knew the following spells:

 Your Spells              Type           Power        Failure   Level  Hunger
a - Infusion              Chrm           #...         9%          1    ##.....
b - Shroud of Golubria    Chrm/Tloc      #.........   26%         2    ###....
c - Song of Slaying       Chrm           #.......     14%         2    ###....

Your spell library contained the following spells:

 Spells                   Type           Power        Failure   Level  Hunger
 Regeneration             Chrm/Necr      #.........   47%         3    ####...
 Spectral Weapon          Hex/Chrm       #.......     47%         3    ####...


Dungeon Overview and Level Annotations

Branches:
Dungeon (4/15)
 Temple: D:4-7

Altars:
Elyvilon
Fedhas
Gozag
Okawaru
Vehumet
Zin
The Shining One


Message History

The orc wizard mumbles some strange words.
The orc wizard seems to speed up.
You hit the orc but do no damage.
The orc is severely wounded.
The orc priest mumbles some strange prayers to Beogh against you.
Pain shoots through your body!
* * * LOW HITPOINT WARNING * * *
The orc wizard mumbles some strange words.
The orc wizard flickers and vanishes!
Deactivating autopickup; reactivate with Ctrl-A.
Your magical contamination has completely faded away.
There is a stone staircase leading up here.
The orc priest closely misses you.
You climb upwards.
Reactivating autopickup.
There is a stone staircase leading down here.
You hit the orc priest but do no damage.
The orc priest mumbles some strange prayers to Beogh against you.
Beogh smites you!
You die...

##.........# ### ####
##..#.......#########.# #
...#####..##.................# #
##....÷..####.###....<.####### #
#######..####.#...####..### #
........##......### ##...## #
.........(.##.#### ###..# #
.........>.....o.##### ##.## #
.......###.##.##@....# #..### #
.........#.....#####.######)..##
.......#........####.......##..#
.......######.........####..##.#
.......# ###.#>.....# ##.##.##
########### #.######## #......
..........#####.....##########...
#########..(÷(...................
#######...............###


You could see an orc priest.

Vanquished Creatures
  A crimson imp (D:3)
  Terence (D:2)
  A hound zombie (D:2)
  6 adders (D:2)
  A worm (D:2)
  4 leopard geckos
  6 orcs
  9 bats
  6 giant cockroaches
  5 goblins
  6 hobgoblins
  15 jackals
  9 kobolds
  2 quokkas
  A ball python (D:3)
  5 frilled lizards
  8 rats
86 creatures vanquished.

Notes
Turn   | Place    | Note
-------+----------+-------------------------------------------
     0 | D:1      | HungryMoth the Merfolk Skald began the quest for the Orb.
     0 | D:1      | Reached XP level 1. HP: 16/16 MP: 3/3
   188 | D:1      | Reached XP level 2. HP: 23/23 MP: 1/5
   213 | D:1      | Learned a level 2 spell: Shroud of Golubria
   216 | D:1      | Learned a level 2 spell: Song of Slaying
   351 | D:1      | Reached skill level 4 in Polearms
   665 | D:1      | Reached XP level 3. HP: 28/28 MP: 6/6
  1166 | D:2      | Reached skill level 5 in Polearms
  1185 | D:2      | Found an opulent altar of Gozag.
  1185 | D:2      | Found a blossoming altar of Fedhas.
  1199 | D:2      | Found an iron altar of Okawaru.
  1207 | D:2      | Became a worshipper of Warmaster Okawaru
  1285 | D:2      | Reached XP level 4. HP: 34/35 MP: 7/7
  1637 | D:2      | Reached skill level 6 in Polearms
  1645 | D:2      | Noticed Terence
  1790 | D:2      | Killed Terence
  1790 | D:2      | Reached XP level 5. HP: 15/41 MP: 6/8
  2274 | D:2      | Found an iron altar of Okawaru.
  2404 | D:3      | Found a radiant altar of Vehumet.
  2573 | D:3      | Found a glowing golden altar of the Shining One.
  2573 | D:3      | Found a white marble altar of Elyvilon.
  2573 | D:3      | Found a glowing silver altar of Zin.
  2631 | D:3      | Reached * piety under Okawaru
  2701 | D:3      | Reached skill level 7 in Polearms
  2971 | D:3      | Reached XP level 6. HP: 33/48 MP: 4/9
  3178 | D:3      | Killed from afar by an orc priest

Vault maps used:
D:1:      psy_arrival_basics
D:2:      lemuel_coloured_pillars_altar, gammafunk_temple_overflow_elements,
          okawaru_metal_pillars_3, uniq_terence
D:3:      good_gods_mini_temple, lemuel_crystal_altar
D:4:      first_ration

Skill      XL: |  1  2  3  4  5 |
---------------+----------------+-----
Polearms       | 4 5 6 7 |  7.2
Fighting       | 3 4 |  4.1
Armour         | |  0.6
Dodging        | |  2.6
Spellcasting   | |  2.0
Charms         | |  3.3
Translocations | |  0.1

Action                   |  1- 3 |  4- 6 || total
-------------------------+-------+-------++-------
Melee: Spear             |   136 |   280 ||   416
 Cast: Infusion          |     5 |     9 ||    14
       Song of Slaying   |     2 |     2 ||     4
       Shroud of Golubri |     1 |     6 ||     7
 Stab: Sleeping          |       |     1 ||     1
  Eat: Chunk             |     2 |     7 ||     9
Armor: Leather armour    |    16 |    35 ||    51
Dodge: Dodged            |    66 |   132 ||   198

Table legend:
 A = Non-vault XP
 B = Vault XP
 C = Vault XP percentage of total XP
 D = Non-vault monster count
 E = Vault monster count
 F = Vault count percentage of total count
                 A         B        C        D         E       F
            +---------+---------+-------+---------+---------+-------
      Total |     296 |      32 |   9.8 |      85 |       1 |   1.2
            +---------+---------+-------+---------+---------+-------
        D:1 |      46 |       0 |   0.0 |      25 |       0 |   0.0
        D:2 |     143 |      32 |  18.3 |      31 |       1 |   3.1
        D:3 |      99 |       0 |   0.0 |      26 |       0 |   0.0
        D:4 |       8 |       0 |   0.0 |       3 |       0 |   0.0
            +---------+---------+-------+---------+---------+-------
